 Dungeon Crawl Stone Soup version 0.22.1-2-g9c5b331 (webtiles) character file.

227 Gearfox the Magician (level 5, -3/28 HPs)
             Began as a Deep Elf Fire Elementalist on Dec 11, 2018.
             Killed by divine providence
             ... invoked by an orc priest
              (13 damage)
             ... on level 5 of the Dungeon.
             The game lasted 00:10:09 (4217 turns).

Gearfox the Magician (Deep Elf Fire Elementalist)   Turns: 4217, Time: 00:10:10

Health: -3/28      AC:  3    Str:  9    XL:     5   Next: 70%
Magic:  10/15      EV: 13    Int: 21    God:
Gold:   226        SH:  0    Dex: 15    Spells: 9/15 levels left

rFire    x . .     SeeInvis .   p - +0 hunting sling (curse)
rCold    + . .     Gourm    .   (no shield)
rNeg     . . .     Faith    .   t - +0 robe
rPois    .         Spirit   .   (no helmet)
rElec    .         Reflect  .   (no cloak)
rCorr    .         Harm     .   n - +0 pair of gloves
MR       .....                  (no boots)
Stlth    ++........             (no amulet)
HPRegen  0.09/turn              d - +4 ring of strength
MPRegen  0.14/turn              r - ring of ice

@: no status effects
A: no striking features
a: no special abilities


You were on level 5 of the Dungeon.
You were hungry.

You visited 1 branch of the dungeon, and saw 6 of its levels.

You collected 226 gold pieces.

Inventory:

Hand Weapons
 g - a +0 short sword
 p - a cursed +0 hunting sling (weapon)
Missiles
 q - 30 stones (quivered)
Armour
 a - a +0 robe
 n - a +0 pair of gloves (worn)
 t - a +0 robe (worn)
 B - a +0 cloak
Jewellery
 d - a +4 ring of strength (left hand)
 o - an uncursed amulet of the acrobat {unknown}
 r - a ring of ice (right hand)
 u - an uncursed amulet of regeneration {unknown}
 C - an uncursed amulet of the acrobat {unknown}
Scrolls
 f - 4 scrolls of remove curse
 s - a scroll of noise {unknown}
 v - 2 scrolls of teleportation
 w - 2 scrolls of fog {unknown}
 y - 2 scrolls of immolation {unknown}
 A - a scroll of enchant weapon {unknown}
 D - a scroll of magic mapping
Potions
 b - a potion of haste {unknown}
 e - a potion of mutation {unknown}
 h - 2 potions of brilliance {unknown}
 i - a potion of flight {unknown}
 j - 2 potions of curing {unknown}
 k - 3 potions of berserk rage {unknown}
 l - a potion of agility {unknown}
 m - 5 potions of degeneration {unknown}
 x - a potion of heal wounds {unknown}
 z - a potion of lignification {unknown}
Comestibles
 c - 7 rations


   Skills:
 + Level 0.5 Short Blades
 + Level 0.3 Slings
 - Level 2.4 Dodging
 - Level 2.4 Stealth
 * Level 5.6 Spellcasting
 + Level 2.3 Conjurations
 * Level 5.1 Fire Magic


You had 9 spell levels left.
You knew the following spells:

 Your Spells              Type           Power        Failure   Level  Hunger
a - Flame Tongue          Conj/Fire      ###..        2%          1    None
b - Throw Flame           Conj/Fire      ###...       3%          2    None
c - Conjure Flame         Conj/Fire      ###.....     6%          3    ##.....

Your spell library contained the following spells:

 Spells                   Type           Power        Failure   Level  Hunger
 Inner Flame              Hex/Fire       ###.....     11%         3    ##.....
 Sticky Flame             Conj/Fire      ###.....     22%         4    ####...
 Fireball                 Conj/Fire      ###.......   52%         5    #####..


Dungeon Overview and Level Annotations

Branches:
Dungeon (6/15)
 Temple: D:4-7

Altars:
Dithmenos
Wu Jian

Shops:
D:4 (

Annotations:
D:4 Grinder


Message History

Confirm with . or Enter, or press ? or * to list all spells.
Aiming: Flame Tongue (safe; 2% risk of failure)
Press: ? - help, Shift-Dir - straight line, f/p - orc
Aim: an orc, wielding a short sword (severely wounded)
The flame tongue hits the orc.
You kill the orc!
Casting: Flame Tongue (safe; 2% risk of failure)
Confirm with . or Enter, or press ? or * to list all spells.
Aiming: Flame Tongue (safe; 2% risk of failure)
Press: ? - help, Shift-Dir - straight line, f - orc
Aim: an orc, wielding a flail The flame tongue hits the orc.
The orc is moderately wounded.
The orc hits you with a flail. The orc barely misses you.
The orc priest calls upon Beogh to heal the orc.
The orc's wounds heal themselves!
The orc priest invokes the aid of Beogh against you.
Beogh smites you!
You die...

#..# #( #...# #.>#
#. #...###..## #..
#...+.....#
#..#####...###...#
.................#
#####.........#o...#
...........##.#.o..+
#..@o..+..#.####
#.....o##.#)#
######o.....#
####.### #.# #.# #.#
#.# #..


You could see an orc priest and 2 orcs.

Vanquished Creatures
  A bullfrog skeleton (D:4)
  Jessica (D:2)
  A howler monkey skeleton (D:4)
  Robin (D:2)
  A gnoll (D:6)
  4 adders
  4 oozes
  4 leopard geckos
  10 orcs
  A ball python (D:4)
  5 bats
  3 giant cockroaches
  11 goblins
  5 hobgoblins
  5 jackals
  2 quokkas
  7 frilled lizards
  A giant cockroach zombie (D:6)
  A jackal skeleton (D:4)
  3 kobolds (D:1)
  5 rats
76 creatures vanquished.

Notes
Turn   | Place    | Note
-------+----------+-------------------------------------------
     0 | D:1      | Gearfox the Deep Elf Fire Elementalist began the quest for
                  | the Orb.
     0 | D:1      | Reached XP level 1. HP: 10/10 MP: 6/6
   268 | D:1      | Reached XP level 2. HP: 15/15 MP: 4/8
   280 | D:1      | Learned a level 2 spell: Throw Flame
   806 | D:1      | Reached XP level 3. HP: 19/19 MP: 0/10
  1340 | D:2      | Noticed Robin
  1458 | D:2      | Killed Robin
  1853 | D:2      | Reached XP level 4. HP: 24/24 MP: 9/12
  1867 | D:2      | Found a shadowy altar of Dithmenos.
  1935 | D:2      | Found a faded altar of an unknown god.
  1972 | D:2      | Noticed Jessica
  1980 | D:2      | Killed Jessica
  2380 | D:3      | Learned a level 3 spell: Conjure Flame
  2487 | D:3      | Found an ornate altar of the Wu Jian Council.
  2973 | D:3      | Reached skill level 5 in Spellcasting
  2973 | D:3      | Reached XP level 5. HP: 28/28 MP: 1/14
  3714 | D:4      | Reached skill level 5 in Fire Magic
  3856 | D:4      | Noticed Grinder
  3985 | D:4      | Found Reingyly's Antique Weapon Boutique.
  4073 | D:4      | You fall through a shaft for 2 floors!
  4190 | D:5      | Entered Level 5 of the Dungeon
  4217 | D:5      | Killed from afar by an orc priest

Skill      XL: |  1  2  3  4  5 |
---------------+----------------+-----
Fire Magic     | 4 5 |  5.1
Spellcasting   | 4 5 |  5.6
Conjurations   | 2 |  2.3
Short Blades   | |  0.5
Slings         | |  0.3
Dodging        | |  2.4
Stealth        | |  2.4

Action                   |  1- 3 |  4- 6 || total
-------------------------+-------+-------++-------
Melee: Short sword       |     5 |       ||     5
 Fire: Hunting sling     |     3 |     6 ||     9
 Cast: Flame Tongue      |    18 |    45 ||    63
       Throw Flame       |    42 |    38 ||    80
  Use: Scroll            |     4 |       ||     4
  Eat: Chunk             |     4 |     6 ||    10
Armor: Robe              |     3 |     7 ||    10
Dodge: Dodged            |    16 |    40 ||    56
